 Dungeon Crawl Stone Soup version 0.17-a0-1647-gb11a595 (webtiles) character file.

35 Sixotanaka the Chiller (level 3, 0/19 HPs)
             Began as a Kobold Ice Elementalist on Aug 12, 2015.
             Slain by a worm (9 damage)
             ... on level 1 of the Dungeon.
             The game lasted 00:08:45 (1618 turns).

Sixotanaka the Chiller (Kobold Ice Elementalist)    Turns: 1618, Time: 00:08:45

Health: 0/19       AC:  2    Str:  6    XL:     3   Next: 55%
Magic:  0/6        EV: 15    Int: 14    God:
Gold:   26         SH:  0    Dex: 16    Spells: 2 memorised, 3 levels left

rFire  . . .     SeeInvis .     e - +0 short sword
rCold  . . .     Clarity  .     a - +0 robe
rNeg   . . .     SustAt   .     (shield restricted)
rPois  .         Gourm    .     (no helmet)
rElec  .         Spirit   .     (no cloak)
rCorr  .         Warding  .     (no gloves)
rMut   .         Stasis   .     (no boots)
MR     .....                    (no amulet)
Stlth  ++........               (no ring)
                                (no ring)

@: very slightly contaminated, not resistant to hostile enchantments, unstealthy
A: carnivore 3
a: no special abilities


You were on level 1 of the Dungeon.
You were completely stuffed.

You visited 1 branch of the dungeon, and saw 1 of its levels.

You collected 26 gold pieces.


Innate Abilities, Weirdness & Mutations

You are small and have problems with some larger weapons.
You are carnivorous and can eat meat at any time.


   Skills:
 - Level 2.4 Dodging
 - Level 2.6 Stealth
 - Level 2.0 Spellcasting
 - Level 0.8 Conjurations
 + Level 4.3 Ice Magic


You had 3 spell levels left.
You knew the following spells:

 Your Spells              Type           Power        Failure   Level  Hunger
x - Throw Frost           Conj/Ice       #.....       14%         2    ###....
z - Freeze                Ice            ##..         4%          1    ##.....


Dungeon Overview and Level Annotations

Branches:
Dungeon (1/15)

Altars:

Inventory:

Hand weapons
 d - a cursed -3 club
 e - a +0 short sword (weapon)
Missiles
 i - 26 stones (quivered)
Armour
 a - a +0 robe (worn)
 g - a +0 pair of boots
Scrolls
 f - a scroll of enchant weapon {unknown}
 h - a scroll of magic mapping {unknown}
 j - a scroll of identify {unknown}
Potions
 l - 2 potions of resistance {unknown}
Books
 b - a book of Frost
Comestibles
 c - a meat ration
 k - a royal jelly
 m - a beef jerky

####.######.............##.####..
#.######.......##..####......>
#.#...........................
#'#.#######.P.P.P.P..P..PPPP..
#............♣♣♣P..♣♣♣P.P♣♣♣P.
##########..P♣ ♣P..♣ ♣..P♣ ♣..
#..P♣♣♣P..♣♣♣...♣ ♣P.
#....P.P.PPP.P....P..
#...@w.....(.........
#....P...PPP.....PPP.
#...♣♣♣..P♣♣♣P..♣♣♣.. #..P♣ ♣...♣
♣...♣ ♣P. #..P♣ ♣P..♣♣♣..P♣♣♣P.
#...P P..P.PP..P..PP.
#....................
#.......(.P....PPP...
♣♣♣P..♣♣♣...♣♣♣..


You could see a worm.


Message History

Casting: Freeze That would be overly suicidal.
Aiming: Freeze
Okay, then.
You see here a goblin corpse.
You butcher the goblin corpse.
n - 3 chunks of flesh You start resting.
Eating one of 3 chunks of flesh.
This raw flesh tastes great.
You continue eating. x2
Eating one of 2 chunks of flesh.
This raw flesh tastes great.
You continue eating. x2
Eating a chunk of flesh.
This raw flesh tastes great.
You continue eating. x2
i - 27 stones (gained 6)
You open the door.
There is an open door here.
There is an open door here.
A rat comes into view.
A rat is nearby!
A giant newt comes into view.
You hit the rat. The rat completely misses you. The rat bites you.
Casting: Freeze
Aiming: Freeze
Aim: a rat (moderately wounded)
You freeze the rat.
You kill the rat!
Casting: Freeze
Aiming: Freeze
Okay, then.
Casting: Freeze
Aiming: Freeze
Aim: a giant newt You freeze the giant newt.
You kill the giant newt!
You start resting.
The worm is too close now for your liking.
A worm is nearby!
Aim: a worm You throw a stone.
The stone hits the worm.
Casting: Freeze
Aiming: Freeze
Aim: a worm (lightly wounded)
You freeze the worm.
Casting: Freeze
Aiming: Freeze
Aim: a worm (heavily wounded)
You freeze the worm. The worm bites you!
Casting: Freeze
Aiming: Freeze
Aim: a worm (almost dead)
You freeze the worm. The worm bites you.
* * * LOW HITPOINT WARNING * * *
Casting: Freeze
Aiming: Throw Frost
Aim: a worm (severely wounded)
You miscast Throw Frost.
You are very lightly contaminated with residual magic.
Wisps of condensation drift from your hands.
Casting: Throw Frost You don't have enough magic to cast that spell.
Casting: Throw Frost
Aiming: Freeze
Aim: a worm (severely wounded)
You freeze the worm.
Casting: Freeze
Aiming: Freeze
Aim: a worm (severely wounded)
You freeze the worm. The worm bites you!
You die...

Action                   || total
-------------------------++-------
Melee: Short sword       ||    17
       Unarmed           ||     1
Throw: Stone             ||    26
 Cast: Freeze            ||    47
       Throw Frost       ||     7
 Stab: Sleeping          ||     2
  Eat: Chunk             ||    12

Vault maps used:
D:1:      shiori_shiawase, kennysheep_boxes

Notes
Turn   | Place    | Note
--------------------------------------------------------------
     0 | D:1      | Sixotanaka the Kobold Ice Elementalist began the quest for the Orb.
     0 | D:1      | Reached XP level 1. HP: 10/10 MP: 3/3
   246 | D:1      | Reached XP level 2. HP: 12/15 MP: 0/5
   762 | D:1      | HP: 3/15 [gnoll/halberd (5)]
   763 | D:1      | Reached skill level 4 in Ice Magic
   763 | D:1      | Reached XP level 3. HP: 3/19 MP: 0/6
  1157 | D:1      | Learned a level 2 spell: Throw Frost
  1618 | D:1      | Slain by a worm

Vanquished Creatures
  A gnoll (D:1)
  A worm (D:1)
  A bat (D:1)
  2 giant cockroaches (D:1)
  4 goblins (D:1)
  4 hobgoblins (D:1)
  5 kobolds (D:1)
  3 giant newts (D:1)
  3 rats (D:1)
24 creatures vanquished.
